[Event "Asian Amateur Rapid 2024"]
[Site "Al Ain"]
[Date "2024.12.15"]
[Round "1.35"]
[White "Mohammed Saeed Alshamsi"]
[Black "Mosallam, Mohammad"]
[Result "1-0"]
[ECO "B09"]
[WhiteElo "1535"]
[BlackElo "1753"]
[Annotator "NA"]
[PlyCount "65"]
[EventDate "2024.12.15"]
[EventType "swiss"]
[EventCountry "UAE"]
[SourceTitle "playchess.com"]
[Source "ChessBase"]
[SourceQuality "1"]
[TimeControl "900+10"]

1. e4 d6 2. d4 Nf6 3. Nc3 g6 4. f4 Bg7 5. Nf3 Nc6 6. Bd3 O-O 7. O-O h6 8. h3 Nb4 9. Bc4 Nxe4 10. Nxe4 d5 11. Bb3 dxe4 12. Ne5 Nd5 13. Qe2 c6 14. Qxe4 Bf5 15. Qe2 Qb6 16. c3 Rad8 17. Kh1 f6 18. Nd3 Bxd3 19. Qxd3 Kh7 20. f5 g5 21. h4 g4 22. Qe4 h5 23. Bxd5 cxd5 24. Qxe7 Rfe8 25. Qf7 Re2 26. Bh6 Rg8 27. Qg6+ Kh8 28. Qxh5 Re7 29. Bg5+ Bh6 30. Qxh6+ Rh7 31. Bxf6+ Rgg7 32. Bxg7+ Kg8 33. Qxb6 1-0

[Event "Asian Amateur Rapid 2024"]
[Site "Al Ain"]
[Date "2024.12.15"]
[Round "1.36"]
[White "Al Mamari, Said Ahmed"]
[Black "Sultan Ahmed AlMheiri"]
[Result "1-0"]
[ECO "C47"]
[WhiteElo "1707"]
[BlackElo "1569"]
[Annotator "NA"]
[PlyCount "75"]
[EventDate "2024.12.15"]
[EventType "swiss"]
[EventCountry "UAE"]
[SourceTitle "playchess.com"]
[Source "ChessBase"]
[SourceQuality "1"]
[TimeControl "900+10"]

1. e4 e5 2. Nf3 Nc6 3. Nc3 Nf6 4. a3 d6 5. d4 exd4 6. Nxd4 Be7 7. h3 O-O 8. Nxc6 bxc6 9. Bc4 Re8 10. O-O Bf8 11. Bg5 h6 12. Bh4 g5 13. Bg3 Nxe4 14. Qh5 d5 15. Nxe4 Rxe4 16. Bd3 Re8 17. f4 Be6 18. Rae1 Re7 19. fxg5 Rd7 20. Rxe6 fxe6 21. Qg6+ Rg7 22. Qxe6+ Kh8 23. Qxh6+ Kg8 24. Qe6+ Kh8 25. Be5 Qxg5 26. Bxg7+ Bxg7 27. Rf5 Qh6 28. Qe2 Qd6 29. Rh5+ Kg8 30. Bh7+ Kf7 31. Rf5+ Bf6 32. Qh5+ Ke7 33. Rf1 Qc5+ 34. Kh1 Rf8 35. Qf5 Bg7 36. Re1+ Kd8 37. Qe6 Bf6 38. Bf5 1-0

[Event "Asian Amateur Rapid 2024"]
[Site "Al Ain"]
[Date "2024.12.15"]
[Round "1.39"]
[White "Amirgali, Zhanali"]
[Black "Gong, Bonuonuo"]
[Result "0-1"]
[ECO "B08"]
[WhiteElo "1497"]
[BlackElo "1685"]
[Annotator "NA"]
[PlyCount "72"]
[EventDate "2024.12.15"]
[EventType "swiss"]
[EventCountry "UAE"]
[SourceTitle "playchess.com"]
[Source "ChessBase"]
[SourceQuality "1"]
[TimeControl "900+10"]

1. e4 d6 2. d4 Nf6 3. Nc3 g6 4. Nf3 Bg7 5. Bf4 O-O 6. Bc4 c6 7. a4 Nxe4 8. Nxe4 d5 9. Bxd5 cxd5 10. Nc3 a6 11. O-O Nc6 12. h3 Bf5 13. Re1 Nb4 14. Re2 Rc8 15. Rc1 Rxc3 16. bxc3 Na2 17. Ra1 Nxc3 18. Qd2 Nxe2+ 19. Qxe2 Be4 20. Ng5 Bxd4 21. Nxe4 Bxa1 22. Nd2 Bf6 23. Bh6 Re8 24. g4 e5 25. g5 Bxg5 26. Bxg5 Qxg5+ 27. Kf1 Qh4 28. Qd3 Qxa4 29. Qxd5 Qb5+ 30. Qxb5 axb5 31. Ke2 Rc8 32. Kd3 f5 33. f3 Kf7 34. Ke3 Rxc2 35. Nf1 Ke6 36. Ng3 f4+ 0-1

[Event "Asian Amateur Rapid 2024"]
[Site "Al Ain"]
[Date "2024.12.15"]
[Round "1.43"]
[White "Shafaghati, Rastin"]
[Black "Ahsan Feroz"]
[Result "1/2-1/2"]
[ECO "B08"]
[WhiteElo "1575"]
[BlackElo "1795"]
[Annotator "NA"]
[PlyCount "128"]
[EventDate "2024.12.15"]
[EventType "swiss"]
[EventCountry "UAE"]
[SourceTitle "playchess.com"]
[Source "ChessBase"]
[SourceQuality "1"]
[TimeControl "900+10"]

1. d4 Nf6 2. Nf3 g6 3. Nc3 Bg7 4. e4 d6 5. Be2 O-O 6. O-O a6 7. Re1 b5 8. e5 dxe5 9. Nxe5 Bb7 10. Bf3 Bxf3 11. Qxf3 c6 12. Be3 Qc7 13. Bf4 Nh5 14. Nxg6 Nxf4 15. Nxf4 e6 16. Nh5 Kh8 17. Nxg7 Kxg7 18. Re4 Rg8 19. Rae1 Nd7 20. Rg4+ Kh8 21. Rxg8+ Kxg8 22. Ne4 Qd8 23. Qh5 Qf8 24. Re3 f5 25. Rh3 Qe7 26. Ng5 Nf6 27. Qe2 Re8 28. Re3 Qb4 29. c3 Qa4 30. b3 Qa3 31. f3 h6 32. Nh3 Nd5 33. Rd3 Qc1+ 34. Kf2 Nxc3 35. Qd2 Qxd2+ 36. Rxd2 b4 37. Nf4 Kf7 38. Nd3 a5 39. Ne5+ Kf6 40. Nxc6 Rc8 41. Nxa5 Ra8 42. Nc6 Nxa2 43. Ne5 Nc3 44. Nc6 Nd5 45. Rb2 Rc8 46. Ne5 Rc3 47. g3 h5 48. h4 Rc1 49. Nd3 Rc3 50. Ne5 Rc1 51. Nd3 Rd1 52. Nf4 Nxf4 53. gxf4 Rxd4 54. Ke3 e5 55. fxe5+ Kxe5 56. Rh2 Rf4 57. Rh1 Rd4 58. Rh2 f4+ 59. Ke2 Rd5 60. Rg2 Kf6 61. Rg8 Re5+ 62. Kf2 Rb5 63. Rc8 Ke5 64. Rc4 Kf5 1/2-1/2

[Event "Asian Amateur Rapid 2024"]
[Site "Al Ain"]
[Date "2024.12.15"]
[Round "1.44"]
[White "Mohamed Yousuf Al-Ali"]
[Black "Mohammed Hamad Alkhemeiri"]
[Result "1-0"]
[ECO "C45"]
[WhiteElo "1569"]
[BlackElo "1482"]
[Annotator "NA"]
[PlyCount "39"]
[EventDate "2024.12.15"]
[EventType "swiss"]
[EventCountry "UAE"]
[SourceTitle "playchess.com"]
[Source "ChessBase"]
[SourceQuality "1"]
[TimeControl "900+10"]

1. e4 e5 2. Nf3 Nc6 3. d4 exd4 4. Nxd4 Bc5 5. Be3 Qf6 6. c3 Nge7 7. Be2 d5 8. O-O dxe4 9. a4 Nxd4 10. cxd4 Bb4 11. Qc2 Qc6 12. Bb5 Bd7 13. Bxc6 Bxc6 14. Nc3 O-O-O 15. Nb5 Bxb5 16. axb5 Kb8 17. Rfc1 Nd5 18. Bf4 Rd7 19. Qa4 a5 20. bxa6 1-0

[Event "Asian Amateur Rapid 2024"]
[Site "Al Ain"]
[Date "2024.12.15"]
[Round "1.46"]
[White "Saket Atul Kumar"]
[Black "KHALID ALHAWAY"]
[Result "1-0"]
[ECO "C45"]
[WhiteElo "1633"]
[BlackElo "1529"]
[Annotator "NA"]
[PlyCount "71"]
[EventDate "2024.12.15"]
[EventType "swiss"]
[EventCountry "UAE"]
[SourceTitle "playchess.com"]
[Source "ChessBase"]
[SourceQuality "1"]
[TimeControl "900+10"]

1. e4 e5 2. Nf3 Nc6 3. Nc3 Nf6 4. d4 exd4 5. Nxd4 Nxd4 6. Qxd4 d6 7. Bf4 Be7 8. O-O-O O-O 9. f3 Be6 10. Kb1 Nh5 11. Be3 Bf6 12. Qd2 Be7 13. g4 Nf6 14. h4 c6 15. h5 b5 16. g5 Nd7 17. g6 b4 18. Na4 c5 19. gxh7+ Kxh7 20. f4 Bg4 21. Be2 Bxe2 22. Qxe2 Bf6 23. Rxd6 Qc7 24. e5 Nxe5 25. fxe5 Bxe5 26. Rd5 Qc6 27. Qd3+ Kg8 28. h6 Rad8 29. Rd1 c4 30. Qe4 Rxd5 31. Qxd5 Qxa4 32. Qxe5 f6 33. Qe6+ Kh8 34. hxg7+ Kxg7 35. Rg1+ Kh8 36. Qh3# 1-0

[Event "Asian Amateur Rapid 2024"]
[Site "Al Ain"]
[Date "2024.12.15"]
[Round "1.47"]
[White "Alymjanov, Mekan"]
[Black "Alviz, Joshua Ezekiel"]
[Result "0-1"]
[ECO "D48"]
[WhiteElo "1480"]
[BlackElo "1766"]
[Annotator "NA"]
[PlyCount "74"]
[EventDate "2024.12.15"]
[EventType "swiss"]
[EventCountry "UAE"]
[SourceTitle "playchess.com"]
[Source "ChessBase"]
[SourceQuality "1"]
[TimeControl "900+10"]

1. d4 d5 2. c4 e6 3. e3 Nf6 4. a3 dxc4 5. Bxc4 a6 6. Nc3 b5 7. Bd3 Bb7 8. Nf3 Nbd7 9. O-O c5 10. dxc5 Bxc5 11. b4 Be7 12. Bb2 O-O 13. Rc1 Rc8 14. h3 Bxf3 15. Qxf3 Ne5 16. Bxh7+ Kxh7 17. Qg3 Ng6 18. Rfd1 Qc7 19. Qf3 Ne5 20. Qe2 Qc4 21. Qc2+ Kg8 22. Rd4 Qc6 23. g4 Nf3+ 24. Kf1 Nxd4 25. exd4 Qh1+ 26. Ke2 Qxh3 27. g5 Qg4+ 28. f3 Qg2+ 29. Ke3 Qxg5+ 30. Kf2 Bd6 31. Rg1 Qh4+ 32. Kf1 Qh2 33. Rg2 Qf4 34. Qf2 Nd5 35. Nxd5 exd5 36. Rg4 Qf5 37. Kg2 Rc2 0-1

[Event "Asian Amateur Rapid 2024"]
[Site "Al Ain"]
[Date "2024.12.15"]
[Round "1.48"]
[White "Al Balushi, Salim"]
[Black "Al Riyami, Saeed"]
[Result "1-0"]
[ECO "A16"]
[WhiteElo "1612"]
[BlackElo "1426"]
[Annotator "NA"]
[PlyCount "63"]
[EventDate "2024.12.15"]
[EventType "swiss"]
[EventCountry "UAE"]
[SourceTitle "playchess.com"]
[Source "ChessBase"]
[SourceQuality "1"]
[TimeControl "900+10"]

1. c4 e5 2. Nc3 Nf6 3. e4 b6 4. g3 Bb7 5. Bg2 d6 6. Nge2 Nbd7 7. O-O Be7 8. d3 O-O 9. h3 c5 10. Be3 Rc8 11. Qd2 Re8 12. f4 h6 13. f5 Nb8 14. Rf2 Na6 15. g4 Nb4 16. Bf3 Nc6 17. Nd5 Nxd5 18. cxd5 Nd4 19. Bxh6 Nxf3+ 20. Rxf3 Kh7 21. Be3 Kg8 22. h4 Bxh4 23. Rh3 Be7 24. g5 f6 25. g6 Qd7 26. Ng3 Bd8 27. Rh7 Kf8 28. Qh2 Bc7 29. Nh5 Qb5 30. Rd1 Ke7 31. Nxf6 Kxf6 32. Qh4# 1-0

[Event "Asian Amateur Rapid 2024"]
[Site "Al Ain"]
[Date "2024.12.15"]
[Round "2.1"]
[White "nawaf saleh basabaien"]
[Black "Bigabylov, Zhuban"]
[Result "0-1"]
[ECO "A01"]
[WhiteElo "1729"]
[BlackElo "1907"]
[Annotator "RC"]
[PlyCount "65"]
[EventDate "2024.12.15"]
[EventType "swiss"]
[EventCountry "UAE"]
[SourceTitle "playchess.com"]
[Source "ChessBase"]
[SourceQuality "1"]
[TimeControl "900+10"]

1. b3 Nf6 2. Bb2 g6 3. Bxf6 exf6 4. c4 Bg7 5. Nc3 O-O 6. g3 d6 7. Bg2 f5 8. e3 Nd7 9. Nge2 c6 10. O-O a5 11. d4 Nf6 12. Qd3 Re8 13. Rad1 Qe7 14. d5 c5 15. a4 Bd7 16. h4 h6 17. Rfe1 g5 18. hxg5 hxg5 19. Nb5 Bxb5 20. cxb5 Ne4 21. Bxe4 fxe4 22. Qc2 Qe5 23. Kg2 Qf5 24. Rh1 Bf6 25. Ng1 Kg7 26. Qe2 g4 27. Qd2 Rh8 28. Rxh8 Rxh8 29. Qxa5 Qh5 30. Kf1 Qh1 31. Ke2 Rh2 32. Qe1 Qg2 33. a5 0-1

[Event "Asian Amateur Rapid 2024"]
[Site "Al Ain"]
[Date "2024.12.15"]
[Round "2.2"]
[White "Gong, Bonuonuo"]
[Black "Daneshpour, S.A."]
[Result "1/2-1/2"]
[ECO "A21"]
[WhiteElo "1685"]
[BlackElo "1899"]
[Annotator "NA RC"]
[PlyCount "163"]
[EventDate "2024.12.15"]
[EventType "swiss"]
[EventCountry "UAE"]
[SourceTitle "playchess.com"]
[Source "ChessBase"]
[SourceQuality "1"]
[TimeControl "900+10"]

1. c4 e5 2. Nc3 Nf6 3. g3 Bb4 4. Bg2 Bxc3 5. bxc3 O-O 6. d3 Re8 7. Qc2 Nc6 8. e3 d5 9. cxd5 Nxd5 10. Ne2 Bg4 11. Bb2 Qd7 12. O-O Bh3 13. Qa4 Rad8 14. d4 Nxd4 15. Qd1 Bxg2 16. Kxg2 Qc6 17. e4 Nxe2 18. Qxe2 Nxc3 19. Bxc3 Qxc3 20. Rfc1 Qa5 21. Rab1 Rd2 22. Qb5 Qxb5 23. Rxb5 Rxa2 24. Rxb7 Re2 25. Rcxc7 Rf8 26. Kf3 Ra2 27. Rxa7 Rxa7 28. Rxa7 g6 29. Re7 f6 30. Ke3 Rd8 31. f4 exf4+ 32. Kxf4 Rd2 33. h4 Rf2+ 34. Ke3 Rf1 35. Ke2 Ra1 36. Kf3 h5 37. Kf4 Rf1+ 38. Ke3 Kf8 39. Ra7 Rg1 40. Kf2 Rb1 41. Kf3 Rb3+ 42. Kf2 Rc3 43. Rb7 Ra3 44. Rc7 Kg8 45. Rb7 Rd3 46. Ra7 Rc3 47. Rb7 Rc5 48. Kf3 Ra5 49. Rc7 f5 50. exf5 Rxf5+ 51. Kg2 Rf6 52. Ra7 Re6 53. Rb7 Ra6 54. Rc7 Ra2+ 55. Kf3 Ra5 56. Kg2 Ra2+ 57. Kf3 Ra5 58. Kg2 Rf5 59. Ra7 Re5 60. Rb7 Kf8 61. Ra7 Re2+ 62. Kf3 Re5 63. Rb7 Rf5+ 64. Kg2 Rf6 65. Ra7 Ke8 66. Rb7 Re6 67. Kf3 Rf6+ 68. Kg2 Kf8 69. Ra7 Rb6 70. Kf3 Rb4 71. Rc7 Rb5 72. Ra7 Rc5 73. Rb7 Rf5+ 74. Kg2 Kg8 75. Ra7 Rb5 76. Kf3 Rb4 77. Rc7 Rg4 78. Re7 Kf8 79. Re4 Rxe4 80. Kxe4 Kf7 81. Kf4 Kf6 82. g4 1/2-1/2

[Event "Asian Amateur Rapid 2024"]
[Site "Al Ain"]
[Date "2024.12.15"]
[Round "2.3"]
[White "Alviz, Joshua Ezekiel"]
[Black "Hayder, Hassan Shyaa"]
[Result "1-0"]
[ECO "C84"]
[WhiteElo "1766"]
[BlackElo "1991"]
[Annotator "RC"]
[PlyCount "109"]
[EventDate "2024.12.15"]
[EventType "swiss"]
[EventCountry "UAE"]
[SourceTitle "playchess.com"]
[Source "ChessBase"]
[SourceQuality "1"]
[TimeControl "900+10"]

1. e4 e5 2. Nf3 Nc6 3. Bb5 a6 4. Ba4 Nf6 5. O-O Be7 6. d3 b5 7. Bb3 O-O 8. Nc3 d6 9. a3 Bg4 10. Be3 Nd4 11. Bxd4 exd4 12. Nd5 Nxd5 13. Bxd5 Rb8 14. h3 Bxf3 15. Qxf3 Qd7 16. Bb3 Bf6 17. a4 b4 18. a5 Qe7 19. Bc4 Ra8 20. Bd5 Rab8 21. Qd1 g6 22. f4 Kg7 23. Bc4 Ra8 24. Qd2 c5 25. g3 Ra7 26. Kg2 g5 27. e5 dxe5 28. fxe5 Bxe5 29. Rae1 f6 30. Bd5 Qd6 31. Bc4 Re7 32. Qf2 Rfe8 33. Qf3 Rd8 34. Re4 Qc6 35. Kg1 Qd6 36. Kg2 Rde8 37. h4 gxh4 38. Rxh4 Kh8 39. Rg4 Qc7 40. Qd5 Rg7 41. Rxg7 Qxg7 42. Qf3 Bc7 43. Qxf6 Re2+ 44. Kh3 Qxf6 45. Rxf6 Be5 46. Rxa6 Rxc2 47. Ra8+ Kg7 48. a6 Rxc4 49. dxc4 d3 50. Rd8 Bd4 51. a7 d2 52. a8=Q d1=Q 53. Qb7+ Kf6 54. Rd6+ Kf5 55. Qd5+ 1-0

[Event "Asian Amateur Rapid 2024"]
[Site "Al Ain"]
[Date "2024.12.15"]
[Round "2.4"]
[White "Mohamed Saeed Laily"]
[Black "Kim, Taewoo A"]
[Result "1/2-1/2"]
[ECO "A85"]
[WhiteElo "1984"]
[BlackElo "1863"]
[Annotator "RC"]
[PlyCount "86"]
[EventDate "2024.12.15"]
[EventType "swiss"]
[EventCountry "UAE"]
[SourceTitle "playchess.com"]
[Source "ChessBase"]
[SourceQuality "1"]
[TimeControl "900+10"]

1. d4 d5 2. c4 e6 3. Nc3 c6 4. e3 f5 5. Nf3 Nf6 6. Bd3 Bd6 7. O-O O-O 8. b3 Nbd7 9. Bb2 Ne4 10. Ne2 Qf6 11. Nd2 Qh6 12. f4 g5 13. Bxe4 fxe4 14. g3 g4 15. Nc3 Nf6 16. Qe2 Qg6 17. c5 Bc7 18. b4 h5 19. Kg2 Kg7 20. a4 h4 21. Rh1 Rh8 22. b5 Bd7 23. a5 Raf8 24. b6 axb6 25. cxb6 Bb8 26. Ba3 Rf7 27. Nb3 Ne8 28. Nc5 Nd6 29. Nxb7 Nxb7 30. a6 Nd6 31. a7 Bxa7 32. bxa7 Nc4 33. Bc5 Ra8 34. Rab1 Be8 35. Rb8 Rfxa7 36. Bxa7 Rxa7 37. Rhb1 Nd6 38. Rd8 Nb7 39. Rb8 Nd6 40. Rd8 Nb7 41. Rb8 Nd6 42. Rd8 Nb7 43. Rb8 Nd6 1/2-1/2

[Event "Asian Amateur Rapid 2024"]
[Site "Al Ain"]
[Date "2024.12.15"]
[Round "2.5"]
[White "Ahmad, Al Romaithi"]
[Black "Mohamed Yousuf Al-Ali"]
[Result "1-0"]
[ECO "B12"]
[WhiteElo "1976"]
[BlackElo "1569"]
[Annotator "RC"]
[PlyCount "139"]
[EventDate "2024.12.15"]
[EventType "swiss"]
[EventCountry "UAE"]
[SourceTitle "playchess.com"]
[Source "ChessBase"]
[SourceQuality "1"]
[TimeControl "900+10"]

1. e4 c6 2. d4 d5 3. e5 Bf5 4. Nf3 e6 5. Be2 c5 6. Be3 c4 7. O-O Nc6 8. b3 cxb3 9. axb3 Rc8 10. c4 a6 11. c5 h6 12. Nc3 Nge7 13. Na4 g5 14. Nb6 Rc7 15. Ne1 Bg6 16. Bh5 Rg8 17. Kh1 Nf5 18. Bxg6 Rxg6 19. Qd3 g4 20. f3 Nxe5 21. dxe5 Nxe3 22. Qxe3 Bxc5 23. Qf4 Bxb6 24. fxg4 Qg5 25. Qb4 Qe3 26. Nf3 Rc2 27. Rae1 Qc5 28. Qf4 Qe7 29. Rc1 Rc7 30. h4 Qd7 31. h5 Rg8 32. Qxh6 Rxg4 33. Qh8+ Ke7 34. Qf6+ Kf8 35. Rxc7 Bxc7 36. h6 Kg8 37. h7+ Kxh7 38. Ng5+ Kg8 39. Qh6 Rxg5 40. Qxg5+ Kf8 41. Qh6+ Ke7 42. Qf6+ Ke8 43. Qh8+ Ke7 44. Qf6+ Ke8 45. Rf3 Qe7 46. Qh8+ Qf8 47. Qh5 Qg7 48. Rf6 Bd8 49. Rxe6+ Kd7 50. Rd6+ Kc7 51. Qh3 f6 52. Qc3+ Kb8 53. Rxd8+ Ka7 54. Qd4+ b6 55. Rxd5 Qh6+ 56. Kg1 Qc1+ 57. Kf2 Qc2+ 58. Kf3 Qf5+ 59. Kg3 Qg5+ 60. Qg4 Qe3+ 61. Qf3 Qg5+ 62. Kf2 Qh4+ 63. Ke2 Qh7 64. exf6 Qc7 65. f7 Qc2+ 66. Rd2 Qc7 67. f8=Q Qe5+ 68. Qe3 Qh5+ 69. Qff3 Qb5+ 70. Kf2 1-0

[Event "Asian Amateur Rapid 2024"]
[Site "Al Ain"]
[Date "2024.12.15"]
[Round "2.6"]
[White "Umarov, Mukhammadrizo"]
[Black "Saket Atul Kumar"]
[Result "1-0"]
[ECO "A26"]
[WhiteElo "1902"]
[BlackElo "1633"]
[Annotator "RC"]
[PlyCount "87"]
[EventDate "2024.12.15"]
[EventType "swiss"]
[EventCountry "UAE"]
[SourceTitle "playchess.com"]
[Source "ChessBase"]
[SourceQuality "1"]
[TimeControl "900+10"]

1. c4 e5 2. Nc3 Nc6 3. Nf3 Nf6 4. g3 g6 5. Bg2 Bg7 6. O-O O-O 7. d3 d6 8. Rb1 a5 9. a3 h6 10. b4 axb4 11. axb4 Be6 12. Nd2 Qd7 13. b5 Nd8 14. Re1 Bh3 15. Bh1 Ng4 16. Nd5 Rc8 17. Bb2 Kh7 18. Ra1 f5 19. Ra7 f4 20. Ne4 fxg3 21. hxg3 Qf5 22. f3 Nf6 23. Ne7 Qh5 24. Nxc8 Nxe4 25. dxe4 Bxc8 26. Bg2 Ne6 27. Bc1 Ng5 28. Bxg5 Qxg5 29. Kf2 h5 30. e3 h4 31. gxh4 Qxh4+ 32. Ke2 Bh6 33. Rh1 Qg5 34. Qg1 Be6 35. Ra4 Rf7 36. Bf1 Qf6 37. Qg3 Kg7 38. Bg2 c6 39. b6 d5 40. Qh4 g5 41. Qh5 dxe4 42. c5 exf3+ 43. Bxf3 Qf5 44. Qxh6+ 1-0

[Event "Asian Amateur Rapid 2024"]
[Site "Al Ain"]
[Date "2024.12.15"]
[Round "2.7"]
[White "Manuwaruna, Sethun Neththaru"]
[Black "AbuAzizah, Raji"]
[Result "0-1"]
[ECO "D00"]
[WhiteElo "1933"]
[BlackElo "2161"]
[Annotator "RC"]
[PlyCount "88"]
[EventDate "2024.12.15"]
[EventType "swiss"]
[EventCountry "UAE"]
[SourceTitle "playchess.com"]
[Source "ChessBase"]
[SourceQuality "1"]
[TimeControl "900+10"]

1. d4 Nf6 2. Nc3 d5 3. Bf4 g6 4. e3 Bg7 5. h4 h5 6. Nf3 O-O 7. Ne5 c5 8. dxc5 Qa5 9. Bd3 Na6 10. Bxa6 bxa6 11. O-O Qxc5 12. Qd4 Qxd4 13. exd4 Bf5 14. Nc6 Rfe8 15. Nb4 Rac8 16. Nxa6 Bxc2 17. Rfe1 e6 18. Nc5 Ng4 19. Nb5 Bxd4 20. Nxd4 Rxc5 21. Rac1 Rec8 22. f3 Nf6 23. Bd6 Rc4 24. Be5 Nd7 25. Nxc2 Nxe5 26. Rxe5 Rxc2 27. Rb1 Rd2 28. Re3 Rcc2 29. Rb3 Rxg2+ 30. Kf1 g5 31. hxg5 h4 32. f4 Rh2 33. Kg1 h3 34. Rg3 Rxb2 35. Rxb2 Rxb2 36. Ra3 d4 37. Rd3 Rxa2 38. Rxh3 Kg7 39. Rd3 Ra4 40. Kf2 Kg6 41. Kf3 Kf5 42. Rb3 a6 43. Rd3 Rc4 44. Ra3 Rc3+ 0-1

[Event "Asian Amateur Rapid 2024"]
[Site "Al Ain"]
[Date "2024.12.15"]
[Round "2.8"]
[White "Fedorov, Grigory"]
[Black "Al Balushi, Salim"]
[Result "1-0"]
[ECO "E07"]
[WhiteElo "1916"]
[BlackElo "1612"]
[Annotator "RC"]
[PlyCount "46"]
[EventDate "2024.12.15"]
[EventType "swiss"]
[EventCountry "UAE"]
[SourceTitle "playchess.com"]
[Source "ChessBase"]
[SourceQuality "1"]
[TimeControl "900+10"]

1. d4 d5 2. c4 e6 3. Nf3 Nf6 4. g3 Be7 5. Bg2 O-O 6. O-O c6 7. Nc3 Nbd7 8. Re1 dxc4 9. e3 b5 10. Nd2 Nd5 11. e4 Nb4 12. d5 a6 13. h4 Ne5 14. a3 Nbd3 15. Rf1 Qb6 16. Nf3 Ng4 17. Qe2 Bc5 18. Nd1 exd5 19. exd5 Bf5 20. Be3 Nxe3 21. Nxe3 Rfe8 22. dxc6 Bxe3 23. fxe3 Rxe3 1-0

[Event "Asian Amateur Rapid 2024"]
[Site "Al Ain"]
[Date "2024.12.15"]
[Round "2.9"]
[White "Soud, Jaber"]
[Black "Ibrahim Imran Saeed"]
[Result "1-0"]
[ECO "D35"]
[WhiteElo "1956"]
[BlackElo "1681"]
[Annotator "RC"]
[PlyCount "73"]
[EventDate "2024.12.15"]
[EventType "swiss"]
[EventCountry "UAE"]
[SourceTitle "playchess.com"]
[Source "ChessBase"]
[SourceQuality "1"]
[TimeControl "900+10"]

1. d4 d5 2. c4 e6 3. Nc3 Nf6 4. cxd5 exd5 5. Bg5 c6 6. e3 h6 7. Bh4 Bd6 8. Bd3 O-O 9. Qc2 Re8 10. Nf3 Bg4 11. h3 Bd7 12. Bxf6 Qxf6 13. O-O-O a5 14. e4 dxe4 15. Nxe4 Qf4+ 16. Kb1 Na6 17. Nxd6 Qxd6 18. a3 b5 19. Ne5 b4 20. Bxa6 Rxa6 21. Qc4 Bf5+ 22. Ka1 Ra7 23. Qxc6 Qe7 24. Qf3 Bh7 25. Nc6 Qc7 26. Nxa7 Qxa7 27. Rhe1 Rb8 28. Qc6 Bg6 29. Re8+ Rxe8 30. Qxe8+ Kh7 31. Qa4 Qc7 32. d5 Bc2 33. Qc6 Qxc6 34. dxc6 Bf5 35. c7 bxa3 36. bxa3 Kg8 37. c8=Q+ 1-0

[Event "Asian Amateur Rapid 2024"]
[Site "Al Ain"]
[Date "2024.12.15"]
[Round "2.10"]
[White "Sendi, David V"]
[Black "Olimjonov, Muhammadziyo"]
[Result "1/2-1/2"]
[ECO "C14"]
[WhiteElo "1747"]
[BlackElo "1505"]
[Annotator "NA RC"]
[PlyCount "90"]
[EventDate "2024.12.15"]
[EventType "swiss"]
[EventCountry "UAE"]
[SourceTitle "playchess.com"]
[Source "ChessBase"]
[SourceQuality "1"]
[TimeControl "900+10"]

1. e4 e6 2. d4 d5 3. Nc3 Nf6 4. Bg5 Be7 5. e5 Nfd7 6. Bxe7 Qxe7 7. f4 a6 8. Nf3 c5 9. Ne2 c4 10. c3 b5 11. g3 a5 12. Bg2 b4 13. O-O Nc6 14. Nh4 f5 15. exf6 Nxf6 16. Nf3 O-O 17. h3 Rb8 18. Ne5 Nxe5 19. fxe5 Nd7 20. Rxf8+ Nxf8 21. Qd2 Bd7 22. Rf1 bxc3 23. bxc3 a4 24. Qc2 a3 25. Rb1 Qd8 26. Rb4 Rb5 27. Qb1 Qb6 28. Rxb5 Qxb5 29. Qxb5 Bxb5 30. Kf2 Ba4 31. Ke3 Bc2 32. Kd2 Bb1 33. Bf3 Bxa2 34. Kc2 Bb3+ 35. Kb1 Nd7 36. Bg4 Kf7 37. Nf4 Nf8 38. h4 g6 39. Bh3 h6 40. Bg4 g5 41. hxg5 hxg5 42. Nh3 Kg6 43. Nf2 a2+ 44. Ka1 Bc2 45. Kxa2 Bf5 1/2-1/2

[Event "Asian Amateur Rapid 2024"]
[Site "Al Ain"]
[Date "2024.12.15"]
[Round "2.11"]
[White "Dadabaev, Zhanybek"]
[Black "Shelke Omkar"]
[Result "0-1"]
[ECO "A45"]
[WhiteElo "1927"]
[BlackElo "1764"]
[Annotator "RC"]
[PlyCount "72"]
[EventDate "2024.12.15"]
[EventType "swiss"]
[EventCountry "UAE"]
[SourceTitle "playchess.com"]
[Source "ChessBase"]
[SourceQuality "1"]
[TimeControl "900+10"]

1. d4 Nf6 2. Bf4 c6 3. e3 Qb6 4. b3 d6 5. Bd3 g6 6. Nf3 Nh5 7. Bg3 Nxg3 8. hxg3 Bg7 9. Nbd2 c5 10. c3 d5 11. Rc1 Nd7 12. Qe2 O-O 13. Ng5 h6 14. Nh3 e5 15. dxe5 Nxe5 16. Bb1 Re8 17. O-O Bg4 18. f3 Bxh3 19. gxh3 c4 20. Kg2 Nd3 21. Bxd3 Rxe3 22. Qf2 Rxd3 23. bxc4 Qxf2+ 24. Rxf2 dxc4 25. Nxc4 Rc8 26. Nb2 Rdxc3 27. Rxc3 Rxc3 28. Nd1 Ra3 29. Rd2 b5 30. Kf2 a5 31. Ne3 Bc3 32. Rc2 Bd4 33. Re2 Bxe3+ 34. Rxe3 Rxa2+ 35. Ke1 b4 36. f4 a4 0-1

[Event "Asian Amateur Rapid 2024"]
[Site "Al Ain"]
[Date "2024.12.15"]
[Round "2.12"]
[White "Muhammad Shayan Noushad Ibrahi"]
[Black "Lee, Onbin"]
[Result "1-0"]
[ECO "B50"]
[WhiteElo "1716"]
[BlackElo "1686"]
[Annotator "NA RC"]
[PlyCount "75"]
[EventDate "2024.12.15"]
[EventType "swiss"]
[EventCountry "UAE"]
[SourceTitle "playchess.com"]
[Source "ChessBase"]
[SourceQuality "1"]
[TimeControl "900+10"]

1. e4 c5 2. Nf3 d6 3. c3 Nf6 4. Be2 Nc6 5. d4 Bg4 6. d5 Nb8 7. O-O g6 8. Re1 Nbd7 9. Bf1 Bg7 10. Nbd2 O-O 11. h3 Bxf3 12. Nxf3 a6 13. Bf4 Nh5 14. Bh2 Qc7 15. g4 Nhf6 16. e5 dxe5 17. Nxe5 Nxe5 18. Bxe5 Qd7 19. Bg2 Rad8 20. c4 b5 21. b3 Ne8 22. Bxg7 Nxg7 23. Qe2 Rfe8 24. Rad1 h5 25. f4 b4 26. Qf3 Qd6 27. Kf2 a5 28. Kg1 Ra8 29. Qe3 a4 30. Bf3 axb3 31. axb3 Ra2 32. gxh5 Nxh5 33. Bxh5 gxh5 34. Kh1 Kh8 35. Qf3 Qh6 36. Re5 Qg6 37. Rxh5+ Kg7 38. Rg5 1-0

[Event "Asian Amateur Rapid 2024"]
[Site "Al Ain"]
[Date "2024.12.15"]
[Round "2.13"]
[White "Farhaan, M."]
[Black "Kalikhan, Abilmansur"]
[Result "1-0"]
[ECO "A75"]
[WhiteElo "1695"]
[BlackElo "1731"]
[Annotator "NA RC"]
[PlyCount "65"]
[EventDate "2024.12.15"]
[EventType "swiss"]
[EventCountry "UAE"]
[SourceTitle "playchess.com"]
[Source "ChessBase"]
[SourceQuality "1"]
[TimeControl "900+10"]

1. d4 Nf6 2. c4 c5 3. d5 e6 4. Nc3 exd5 5. cxd5 d6 6. e4 g6 7. Nf3 a6 8. a4 Bg4 9. Be2 Bxf3 10. Bxf3 Bg7 11. Bf4 O-O 12. O-O Re8 13. Re1 Qc7 14. Rc1 Nbd7 15. b4 Rad8 16. g3 b6 17. b5 a5 18. Nb1 Ne5 19. Bxe5 Rxe5 20. Na3 Rde8 21. Nc4 R5e7 22. e5 Qd8 23. Nxd6 Qxd6 24. exd6 Rxe1+ 25. Qxe1 Rxe1+ 26. Rxe1 Bf8 27. Re8 Kg7 28. Rd8 c4 29. Kf1 h5 30. d7 Be7 31. Re8 c3 32. Rxe7 c2 33. Re1 1-0

[Event "Asian Amateur Rapid 2024"]
[Site "Al Ain"]
[Date "2024.12.15"]
[Round "2.14"]
[White "Humaidan Mohamed, Alzaabi"]
[Black "Abdulrahim, Salem"]
[Result "0-1"]
[ECO "B25"]
[WhiteElo "1811"]
[BlackElo "1843"]
[Annotator "NA RC"]
[PlyCount "94"]
[EventDate "2024.12.15"]
[EventType "swiss"]
[EventCountry "UAE"]
[SourceTitle "playchess.com"]
[Source "ChessBase"]
[SourceQuality "1"]
[TimeControl "900+10"]

1. e4 c5 2. Nc3 Nc6 3. g3 g6 4. Bg2 Bg7 5. Nge2 d6 6. O-O e6 7. d3 Nge7 8. f4 O-O 9. g4 f5 10. g5 Rb8 11. Ng3 Nd4 12. Nce2 Nxe2+ 13. Qxe2 b5 14. a3 a5 15. h4 Qd7 16. Rb1 Bb7 17. Re1 Rbe8 18. Bd2 b4 19. axb4 axb4 20. c3 fxe4 21. dxe4 bxc3 22. bxc3 d5 23. e5 Bc6 24. Bh3 Ba4 25. Qa6 Bc6 26. Qb6 c4 27. Be3 Rc8 28. Rb4 Nf5 29. Nxf5 gxf5 30. Reb1 Qf7 31. Bf2 Qh5 32. Qe3 Ra8 33. R4b2 Ra3 34. Qg3 d4 35. Bxd4 Be4 36. Bc5 Bxb1 37. Bxa3 Qd1+ 38. Bf1 Bd3 39. Qf2 Ra8 40. Bc5 Ra1 41. Rb8+ Kf7 42. Rb7+ Kg6 43. h5+ Qxh5 44. Rxg7+ Kxg7 45. Bf8+ Kxf8 46. Qc5+ Kg7 47. Qe7+ Qf7 0-1